 Dungeon Crawl Stone Soup version 0.30.1-4-g462c640d31 (webtiles) character file.

Game seed: 5360131366248663531

1187 Wiggles the Chopper (level 8, -3/71 HPs)
             Began as a Minotaur Berserker on Sept 11, 2023.
             Was an Elder of Trog.
             Killed from afar by a steam dragon (8 damage)
             ... with a ball of steam
             ... on level 6 of the Dungeon.
             The game lasted 00:06:13 (4453 turns).

Wiggles the Chopper (Minotaur Berserker)            Turns: 4453, Time: 00:06:13

Health: -3/71      AC: 13    Str: 24    XL:     8   Next: 19%
Magic:  7/7        EV:  5    Int:  4    God:    Trog [****..]
Gold:   240        SH: 12    Dex: 10    Spells: 7/7 levels left

rFire   . . .        a - +0 hand axe
rCold   . . .        f - +0 tower shield
rNeg    + . .        A - +0 plate armour
rPois   .            (helmet restricted)
rElec   .            y - +0 cloak
rCorr   .            (no gloves)
SInv    .            (no boots)
Will    .....        (no amulet) Stlth
                     c - ring of positive energy
HPRegen 0.31/turn    (no ring)
MPRegen 0.10/turn

%: no passive effects
@: no status effects
A: horns 2, retaliatory headbutt
a: Renounce Religion, Berserk, Trog's Hand, Brothers in Arms


You were on level 6 of the Dungeon.
You worshipped Trog.
Trog was greatly pleased with you.
You visited 1 branch of the dungeon, and saw 6 of its levels.

You collected 240 gold pieces.

Inventory:

Hand Weapons
 a - a +0 hand axe (weapon)
Armour
 f - a +0 tower shield (worn)
 y - a +0 cloak (worn)
 A - a +0 plate armour (worn)
Jewellery
 c - a ring of positive energy (left hand)
 x - a ring of protection from fire
Wands
 t - a wand of flame (17)
 z - a wand of mindburst (11)
Scrolls
 b - 2 scrolls of enchant weapon {unknown}
 g - a scroll of amnesia {unknown}
 h - 2 scrolls of fog {unknown}
 i - 3 scrolls of immolation {unknown}
 j - a scroll of acquirement {unknown}
 k - 3 scrolls of teleportation {unknown}
 l - a scroll of torment {unknown}
 o - 6 scrolls of identify {unknown}
 p - a scroll of vulnerability {unknown}
 r - a scroll of poison {unknown}
 u - a scroll of silence {unknown}
 v - a scroll of noise {unknown}
 w - a scroll of enchant armour {unknown}
Potions
 d - a potion of lignification {unknown}
 e - 6 potions of curing {unknown}
 m - 3 potions of brilliance {unknown}
 n - a potion of might {unknown}
 q - a potion of cancellation {unknown}
 s - a potion of heal wounds {unknown}


   Skills:
 + Level 6.7 Fighting
 + Level 7.6 Axes
 + Level 5.0 Armour
 + Level 3.4 Dodging
 + Level 0.7 Stealth
 + Level 5.1 Shields


You had 7 spell levels left.
You didn't know any spells.
Your spell library was empty.

Dungeon Overview and Level Annotations

Branches:
Dungeon (6/15)
 Temple: D:4-7

Altars:
Ashenzari
Dithmenos
Hepliaklqana
Kikubaaqudgha
Sif Muna
Uskayaw
Xom
Yredelemnul


Innate Abilities, Weirdness & Mutations

You have a pair of horns on your head.
You reflexively headbutt those who attack you in melee.


Message History

The centaur kicks you but does no damage.
The steam dragon barely misses you. You block the steam dragon's attack.
You hit the centaur.
The centaur is heavily wounded.
You closely miss the steam dragon.
You are engulfed in a cloud of scalding steam.
* * * LOW HITPOINT WARNING * * *
The centaur is engulfed in a cloud of scalding steam.
The centaur hits you but does no damage.
The centaur kicks you but does no damage.
The centaur is engulfed in a cloud of scalding steam.
The centaur hits you but does no damage.
The centaur kicks you but does no damage.
The steam dragon bites you but does no damage.
You block the steam dragon's attack.
You barely miss the centaur.
The centaur is severely wounded.
You closely miss the steam dragon.
You are engulfed in a cloud of scalding steam.
The centaur is engulfed in a cloud of scalding steam.
The centaur hits you.
* * * LOW HITPOINT WARNING * * *
The centaur kicks you but does no damage.
The steam dragon bites you but does no damage.
The steam dragon barely misses you.
The centaur is engulfed in a cloud of scalding steam.
The centaur hits you but does no damage.
The centaur kicks you.
* * * LOW HITPOINT WARNING * * *
You hit the centaur but do no damage. You headbutt the centaur.
You kill the centaur!
Trog accepts your kill.
You can now call in reinforcements.
You closely miss the steam dragon. The steam dragon bites you!
* * * LOW HITPOINT WARNING * * *
You block the steam dragon's attack.
Your Armour skill increases to level 5!
The adder bites you but does no damage. The steam dragon breathes steam at you.
The ball of steam hits you!
You die...

.. _... .. .. ....# .#
.# ##.. ....# .# .##...
....# #.# # .#..#
....#####.#.# ##.#.#
..........#.##.#....#
.......<....##!#S...#
..........####.#@D..#
...............#§.§.#
).........#....#..#.####
##.)......#.##...##.....
##b.......#...§.....###
##........#.##...#..#
##........# #.#.#.##
##....###.# #.#.# #
##....###'#+##.#.#


You could see a steam dragon (catching breath) and an adder.

Vanquished Creatures
  A black bear (D:6)
  A hornet zombie (D:5)
  2 centaurs (D:6)
  A bullfrog (D:6)
  A kobold brigand (D:6)
  A scorpion (D:4)
  A howler monkey (D:4)
  7 hounds
  2 bullfrog zombies (D:5)
  An orc priest (D:5)
  A jelly (D:5)
  2 iguanas
  A scorpion zombie (D:5)
  An orc wizard (D:5)
  A hound zombie (D:5)
  A gnoll (D:1)
  9 adders
  2 shadow imps
  A worm (D:4)
  A dart slug (D:1)
  10 orcs
  4 endoplasms
  3 giant cockroaches
  4 goblins
  8 hobgoblins
  A quokka (D:4)
  8 ball pythons
  6 bats
  5 frilled lizards
  14 kobolds
  2 rats
103 creatures vanquished.

Notes
Turn   | Place    | Note
-------+----------+-------------------------------------------
     0 | D:1      | Wiggles the Minotaur Berserker began the quest for the Orb.
     0 | D:1      | Reached XP level 1. HP: 19/19 MP: 0/0
    91 | D:1      | Reached XP level 2. HP: 24/27 MP: 1/1
   239 | D:1      | Reached skill level 4 in Axes
   375 | D:1      | Reached XP level 3. HP: 34/34 MP: 2/2
   434 | D:1      | You fall into a shaft and drop 1 floor!
  1151 | D:2      | Reached ** piety under Trog
  1244 | D:2      | Found a faded altar of an unknown god.
  1562 | D:3      | Found a broken altar of Ashenzari.
  1630 | D:3      | Identified the +1 dagger of Conformity {vamp, rN+ MP+9
                  | Int+3 Dex-5}
  1678 | D:3      | Found an ancient bone altar of Kikubaaqudgha.
  1738 | D:3      | Saw a vision of the Swamp and the Spider Nest.
  1738 | D:3      | Noticed a demonic crawler
  1738 | D:3      | Noticed a jumping spider
  1738 | D:3      | Noticed a jumping spider
  1738 | D:3      | Noticed an orb spider
  1738 | D:3      | Noticed a demonic crawler
  1738 | D:3      | Noticed a demonic crawler
  1738 | D:3      | Noticed a radroach
  1738 | D:3      | Noticed a sun moth
  1738 | D:3      | Noticed a pharaoh ant
  1738 | D:3      | Noticed a bloated husk
  1738 | D:3      | Noticed an eleionoma
  1738 | D:3      | Noticed a bunyip
  1738 | D:3      | Noticed a redback
  1738 | D:3      | Noticed a steelbarb worm
  1739 | D:3      | Noticed a redback
  1739 | D:3      | Noticed a tyrant leech
  1739 | D:3      | Noticed a demonic crawler
  1739 | D:3      | Noticed a culicivora
  1740 | D:3      | Noticed a culicivora
  1740 | D:3      | Noticed an orb spider
  1741 | D:3      | Noticed a tyrant leech
  1741 | D:3      | Noticed a spriggan druid
  1744 | D:3      | Noticed a swamp drake
  1745 | D:3      | Noticed a spriggan druid
  1767 | D:3      | Found a shimmering blue altar of Sif Muna.
  1907 | D:3      | Reached XP level 4. HP: 41/41 MP: 3/3
  2260 | D:4      | Reached skill level 5 in Fighting
  2260 | D:4      | Reached skill level 1 in Shields
  2313 | D:4      | Reached skill level 5 in Axes
  2313 | D:4      | Reached XP level 5. HP: 48/48 MP: 4/4
  2499 | D:4      | Reached *** piety under Trog
  2500 | D:4      | Reached XP level 6. HP: 42/57 MP: 5/5
  2709 | D:4      | Found a hazy altar of Hepliaklqana.
  2819 | D:4      | Found a hide-covered altar of Uskayaw.
  3215 | D:5      | Entered Level 5 of the Dungeon
  3339 | D:5      | Reached skill level 6 in Axes
  3339 | D:5      | Reached XP level 7. HP: 31/63 MP: 6/6
  3488 | D:5      | Found a basalt altar of Yredelemnul.
  4108 | D:5      | Found a shadowy altar of Dithmenos.
  4323 | D:6      | Reached skill level 7 in Axes
  4377 | D:6      | Reached XP level 8. HP: 70/71 MP: 7/7
  4402 | D:6      | Found a shimmering altar of Xom.
  4430 | D:6      | Reached skill level 5 in Shields
  4452 | D:6      | Reached **** piety under Trog
  4453 | D:6      | Reached skill level 5 in Armour
  4453 | D:6      | Killed from afar by a steam dragon

Illustrated notes

Levels and vault maps discovered:
D:1:      minmay_arrival_wavy_path, layout_rooms
D:2:      layout_basic, ebering_ecumenical_altar_hall
D:3:      layout_loops_cross, grunt_ashenzari_visionary
          [grunt_ashenzari_visionary_swamp, grunt_ashenzari_visionary_spider],
          nicolae_sif_muna_condensation, mainiacjoe_overflow_paths
D:4:      layout_basic, nzn_hepliaklqana_mist_gate,
          mainiacjoe_overflow_cross_hatched, serial_forest,
          infiniplex_forest_clump_C, infiniplex_forest_clump_medium,
          infiniplex_forest_end_2, infiniplex_forest_lined_ring,
          infiniplex_forest_clump_tiny, infiniplex_forest_end_3
D:5:      layout_rooms, grunt_dithmenos_shadows,
          nicolae_yredelemnul_corpse_copse, hangedman_decor_points
D:6:      layout_basic, nemelex_dance_club_becter, xom_butterflies,
          minmay_temple_entry_glassed_door, serial_shops, shop, serial_curves,
          eino_curves_02, eino_curves_03

Skill      XL: |  1  2  3  4  5  6  7  8 |
---------------+-------------------------+-----
Fighting       | 4 5 6 |  6.7
Axes           | 4 5 6 7 |  7.6
Armour         | 3 4 5 |  5.0
Shields        | 1 3 4 5 |  5.1
Dodging        | 3 |  3.4
Stealth        | |  0.7

Action                     |  1- 3 |  4- 6 |  7- 9 || total
---------------------------+-------+-------+-------++-------
  Melee: Hand axe          |    86 |   187 |    99 ||   372
         Headbutt          |     5 |    33 |    21 ||    59
 Invoke: Berserk           |     1 |       |       ||     1
   Stab: Sleeping          |     1 |       |       ||     1
 Armour: Animal skin       |    13 |       |       ||    13
         Chain mail        |     4 |    88 |    35 ||   127
         Leather armour    |     3 |       |       ||     3
         Ring mail         |     3 |       |       ||     3
         Plate armour      |       |       |    34 ||    34
  Dodge: Dodged            |    39 |    41 |    30 ||   110
  Block: Tower shield      |    30 |   122 |    80 ||   232
